 Dungeon Crawl Stone Soup version 0.26.1-16-g4e020e15dc (webtiles) character file.

Game seed: 16009061876189401301

5622 Froggeryz the Slicer (level 10, -1/72 HPs)
             Began as an Octopode Berserker on Jan 24, 2023.
             Was a High Priest of Trog.
             Slain by a catoblepas (5 damage)
             ... while petrified by a catoblepas
             ... on level 9 of the Dungeon.
             The game lasted 00:12:31 (10687 turns).

Froggeryz the Slicer (Octopode Berserker)          Turns: 10687, Time: 00:12:31

Health: -1/72      AC:  1    Str: 18    XL:     10   Next: 73%
Magic:  19/19      EV:  2    Int:  9    God:    Trog [*****.]
Gold:   363        SH:  0    Dex: 20    Spells: 9/9 levels left

rFire    . . .     SeeInvis +   A - +1 dagger (drain)
rCold    + + .     Faith    .   x - +0 buckler
rNeg     + + +     Spirit   .   (helmet restricted)
rPois    ∞         Reflect  .   t - amulet of the acrobat
rElec    .         Harm     .   c - ring of protection from cold
rCorr    .         Rampage  .   o - ring of protection from cold
Will     .....                  i - +4 ring of evasion
Stlth    +++++.....             p - ring of stealth
HPRegen  0.22/turn              y - ring of magical power
MPRegen  0.16/turn              B - ring of see invisible
                                C - +6 ring of dexterity
                                (no ring)

@: petrified
A: almost no armour, stealthy swim, amphibious, 8 rings, constrict 8, camouflage
1, gelatinous body 1
a: Renounce Religion, Berserk, Trog's Hand, Brothers in Arms


You were on level 9 of the Dungeon.
You worshipped Trog.
Trog was extremely pleased with you.
You visited 1 branch of the dungeon, and saw 9 of its levels.
You also visited: Sewer and Bailey.

You collected 462 gold pieces.
You spent 99 gold pieces at shops.

Inventory:

Hand Weapons
 a - a +1 short sword
 A - a +1 dagger of draining (weapon)
Missiles
 k - 57 poisoned darts (quivered)
 J - 75 boomerangs
Armour
 x - a +0 buckler (worn)
Jewellery
 c - a ring of protection from cold (left tentacle)
 i - a +4 ring of evasion (on tentacle)
 o - a ring of protection from cold (right tentacle)
 p - a ring of stealth (on tentacle)
 t - an amulet of the acrobat (around mantle)
 y - a ring of magical power (on tentacle)
 B - a ring of see invisible (on tentacle)
 C - a +6 ring of dexterity (on tentacle)
 K - an uncursed ring of fire
Wands
 z - a wand of acid (7)
 L - a wand of disintegration (10)
Scrolls
 b - 6 scrolls of remove curse
 j - a scroll of magic mapping
 l - 2 scrolls of enchant armour
 q - 2 scrolls of enchant weapon
 r - a scroll of silence {unknown}
 u - a scroll of blinking
 v - a scroll of random uselessness {unknown}
 w - 3 scrolls of teleportation
 E - a scroll of amnesia {unknown}
 F - a scroll of acquirement {unknown}
 G - a scroll of fog
 H - a scroll of fear
 N - a scroll of identify
Potions
 d - 2 potions of might
 e - 3 potions of lignification {unknown}
 f - 2 potions of flight {unknown}
 g - 2 potions of mutation
 h - 2 potions of attraction {unknown}
 m - 6 potions of curing {unknown}
 n - 3 potions of brilliance {unknown}
 s - 6 potions of heal wounds {unknown}
 D - a potion of magic
 I - 2 potions of haste
 M - a potion of berserk rage


   Skills:
 + Level 8.0 Fighting
 + Level 9.8 Short Blades
 + Level 5.4 Throwing
 + Level 7.0 Dodging
 - Level 5.0 Stealth
 - Level 4.3 Shields


You had 9 spell levels left.
You didn't know any spells.
Your spell library was empty.

Dungeon Overview and Level Annotations

Branches:
Dungeon (9/15)             Temple (0/1) D:7            Lair (0/6) D:8
  Sewer (visited)          Bailey (visited)
    Orc: D:9-12

Altars:
Elyvilon
Xom
Yredelemnul

Shops:
D:6 ?(*(

Annotations:
D:6 exclusion: upstairs
D:8 1 runed translucent door, lawnmower's ghost, novice MiCK


Innate Abilities, Weirdness & Mutations

You cannot wear most types of armour.
You are very stealthy in the water. (Stealth+)
You are amphibious.
You can wear up to eight rings at the same time.
You can use your tentacles to constrict eight enemies at once.
Your skin changes colour to match your surroundings (Stealth+).
Your rubbery body absorbs attacks. (AC +1, EV +1)


Message History

The blast of calcifying dust hits you.
The wight is engulfed in calcifying dust.
You are engulfed in calcifying dust.
The ufetubus barely misses you. x2
The wight hits you with a cursed +2 flail!
The wight hits you with a +0 mace!
* * * LOW HITPOINT WARNING * * *
The catoblepas gores you!
* * * LOW HITPOINT WARNING * * *
The ufetubus hits you.
* * * LOW HITPOINT WARNING * * *
The ufetubus hits you.
* * * LOW HITPOINT WARNING * * *
The yak bellows!
You are engulfed in calcifying dust.
The ufetubus hits you.
* * * LOW HITPOINT WARNING * * *
The ufetubus hits you but does no damage.
The wight hits you with a cursed +2 flail.
* * * LOW HITPOINT WARNING * * *
The wight hits you with a +0 mace. The catoblepas gores you!
You die...

####### ## #.....# ...
#.....##.. #..........
#......#o.. ####
#...o.#o... #..#
##...5o.....
###..#######.§§@Y5####
##....##........zzYzY...
#........#########Yz....
....######


zYY... ..#(# .Y... .#..# ..... ...### .... .....# .... .....# You could see a
catoblepas, 6 yaks, 5 wights, a quasit (petrified), 4 orcs and an ufetubus.

Vanquished Creatures
  Erolcha (D:9)
  Maggie (D:6)
  Sigmund (D:6)
  Eustachio (D:5)
  Menkaure (D:6)
  A water moccasin (D:8)
  An orc warrior (Bailey)
  2 ice beasts (D:8)
  A black bear (D:7)
  A necrophage (D:7)
  4 phantoms
  4 ogres
  3 centaurs
  4 big kobolds
  5 bullfrogs
  A gnoll sergeant (D:8)
  A wyvern skeleton (D:8)
  5 scorpions
  15 wights
  3 howler monkeys
  3 orc wizards
  A jelly (D:6)
  5 hounds
  2 orc priests
  Terence (D:2)
  4 worker ants
  A hound zombie (D:8)
  A howler monkey skeleton (D:5)
  22 gnolls
  11 adders
  4 river rats (Sewer)
  2 shadow imps
  2 white imps
  2 ufetubi
  11 oozes
  An adder skeleton (D:6)
  5 worms (Sewer)
  6 leopard geckos
  16 orcs
  4 giant cockroaches
  7 goblins
  10 hobgoblins
  8 jackals
  23 kobolds
  6 quokkas
  3 ball pythons (Sewer)
  7 bats
  5 frilled lizards
  A leopard gecko skeleton (D:4)
  A quokka zombie (D:6)
  9 rats
240 creatures vanquished.

Notes
Turn   | Place    | Note
-------+----------+-------------------------------------------
     0 | D:1      | Froggeryz the Octopode Berserker began the quest for the
                  | Orb.
     0 | D:1      | Reached XP level 1. HP: 16/16 MP: 1/1
   111 | D:1      | Reached skill level 1 in Stealth
   111 | D:1      | Reached XP level 2. HP: 13/21 MP: 2/2
  1233 | D:2      | Reached XP level 3. HP: 26/26 MP: 3/3
  1877 | D:2      | Noticed Terence
  1882 | D:2      | Killed Terence
  1883 | D:2      | Reached skill level 4 in Short Blades
  1883 | D:2      | Reached XP level 4. HP: 31/31 MP: 4/4
  2054 | D:2      | Reached ** piety under Trog
  2486 | D:3      | Reached XP level 5. HP: 33/37 MP: 5/5
  2741 | D:3      | Found a basalt altar of Yredelemnul.
  2820 | D:3      | Found a white marble altar of Elyvilon.
  3579 | D:4      | Reached skill level 5 in Short Blades
  3579 | D:4      | Reached XP level 6. HP: 22/43 MP: 6/6
  3959 | D:4      | Noticed a phantom
  4040 | D:4      | Killed a phantom
  4041 | D:4      | Reached XP level 7. HP: 34/49 MP: 7/7
  4416 | D:5      | Entered Level 5 of the Dungeon
  4450 | D:5      | Reached skill level 6 in Short Blades
  4466 | D:5      | Reached *** piety under Trog
  4471 | D:5      | Found a glowing drain.
  4481 | Sewer    | Entered a sewer
  4741 | Sewer    | Reached skill level 5 in Stealth
  5052 | Sewer    | Reached skill level 5 in Fighting
  5399 | D:5      | Reached skill level 7 in Short Blades
  5399 | D:5      | Reached XP level 8. HP: 27/55 MP: 8/8
  5578 | D:5      | Noticed Eustachio
  5585 | D:5      | Killed Eustachio
  5585 | D:5      | Reached **** piety under Trog
  5680 | D:5      | Reached skill level 1 in Shields
  6035 | D:5      | Found a shimmering altar of Xom.
  6319 | D:6      | Found Kyagrij's Antique Weapon Shoppe.
  6319 | D:6      | Found Ruofueticw's General Store.
  6332 | D:6      | Bought a cursed amulet of inaccuracy for 24 gold pieces
  6527 | D:6      | Found Metonle's Magic Scroll Shop.
  6537 | D:6      | Reached skill level 8 in Short Blades
  6640 | D:6      | Reached XP level 9. HP: 17/62 MP: 9/9
  6646 | D:5      | Noticed a rust devil
  6646 | D:5      | Noticed a rust devil
  6970 | D:6      | Noticed Menkaure
  6976 | D:6      | Reached skill level 1 in Throwing
  6980 | D:6      | Killed Menkaure
  7049 | D:6      | Noticed Maggie
  7068 | D:6      | Killed Maggie
  7087 | D:6      | Noticed Sigmund
  7100 | D:6      | Killed Sigmund
  7101 | D:6      | Reached skill level 5 in Dodging
  7225 | D:6      | Bought a scroll of blinking for 75 gold pieces
  7335 | D:6      | Found Siadeceqao's Weapon Boutique.
  8128 | D:7      | Found a staircase to the Ecumenical Temple.
  8272 | D:7      | Reached skill level 9 in Short Blades
  8591 | D:8      | Reached XP level 10. HP: 64/69 MP: 10/10
  8861 | D:8      | Found a staircase to the Lair.
  8915 | D:8      | Found a runed translucent door.
  9189 | D:8      | Noticed lawnmower's ghost (novice MiCK)
  9634 | D:9      | Noticed Erolcha
  9711 | D:9      | Killed Erolcha
  9712 | D:9      | Reached skill level 5 in Throwing
  9770 | D:9      | Found a flagged portal.
  9780 | Bailey   | Entered a bailey
  9856 | Bailey   | Reached ***** piety under Trog
 10674 | D:9      | Noticed a catoblepas
 10687 | D:9      | Slain by a catoblepas

Illustrated notes

Levels and vault maps discovered:
D:1:      shiori_arrival_maze, layout_loops_corners, minmay_strange_pillars
D:2:      layout_basic, uniq_terence
D:3:      layout_basic, kennysheep_ying_yang
D:4:      layout_rooms
D:5:      cheibrodos_iron_armory, layout_loops_ring, old_standard_altar,
          gup_sewer_entry_pipe, hangedman_decor_peaks_small,
          corexii_item_surrounded_by_moat, uniq_eustachio
D:6:      layout_loops_ring, serial_shops, shop, shop, nicolae_shop_crystal,
          shop, moated_statue, uniq_maggie, uniq_menkaure, uniq_sigmund
D:7:      layout_gridville, minmay_temple_entry_junction, nrook_mini_backslash
D:8:      layout_rooms, lair_entry_dummy, hellmonk_ghost_happy_afterlife
D:9:      layout_rooms, lemuel_crystal_altar, enter_bailey_5,
          gammafunk_ghost_mausoleum, uniq_erolcha

Skill      XL: |  1  2  3  4  5  6  7  8  9 10 |
---------------+-------------------------------+-----
Stealth        | 1 2 3 4 5 |  5.0
Short Blades   | 4 5 7 8 9 |  9.8
Fighting       | 4 5 6 8 |  8.0
Dodging        | 4 5 7 |  7.0
Shields        | 4 |  4.3
Throwing       | 3 5 |  5.4

Action                   |  1- 3 |  4- 6 |  7- 9 | 10-12 || total
-------------------------+-------+-------+-------+-------++-------
Melee: Short sword       |    42 |   121 |   148 |       ||   311
       Tentacles         |     8 |    29 |    64 |    71 ||   172
       Constrict         |     8 |    26 |    33 |    50 ||   117
       Dagger            |       |       |   118 |   203 ||   321
Throw: Dart              |       |     2 |     7 |     5 ||    14
Invok: Berserk           |     3 |     2 |     1 |     1 ||     7
       Trog's Hand       |       |       |     1 |     1 ||     2
  Use: Scroll            |     3 |     5 |     2 |     5 ||    15
 Stab: Sleeping          |     8 |     3 |    35 |     9 ||    55
       Petrifying        |       |       |       |     1 ||     1
Armor: Skin              |     2 |     8 |     2 |     3 ||    15
Dodge: Dodged            |    17 |    82 |   118 |   152 ||   369
Block: Buckler           |       |       |    10 |    48 ||    58
